 Dungeon Crawl Stone Soup version 0.21.0-3-g78d12a8 (webtiles) character file.

5397 mopl the Martial Artist (level 10, -28/84 (85) HPs)
             Began as a Barachi Transmuter on Jan 9, 2018.
             Was an Elder of Cheibriados.
             Hit by a large rock thrown by a cyclops (47 damage)
             ... on level 9 of the Dungeon.
             The game lasted 00:22:08 (10719 turns).

mopl the Martial Artist (Barachi Transmuter)       Turns: 10719, Time: 00:22:08

HP:   -28/84 (85)   AC:  7    Str: 20    XL:     10   Next: 66%
MP:   15/15         EV: 15    Int: 27    God:    Cheibriados [****..]
Gold: 197           SH:  0    Dex: 21    Spells: 1/16 levels left

rFire    x . .     SeeInvis .     - Unarmed
rCold    + + +     Gourm    .   (shield currently unavailable)
rNeg     . . .     Faith    .   (armour currently unavailable)
rPois    +         Spirit   .   (helmet currently unavailable)
rElec    .         Reflect  .   (cloak currently unavailable)
rCorr    .         Harm     .   (gloves currently unavailable)
MR       .....                  (boots currently unavailable)
Stlth    ++........             (no amulet)
HPRegen  0.24/turn              (no ring)
MPRegen  0.14/turn              (no ring)

@: ice-form, very slow
A: large, +LOS, swims
a: End Transformation, Bend Time, Temporal Distortion, Slouch, Renounce Religion


You were on level 9 of the Dungeon.
You worshipped Cheibriados.
Cheibriados was greatly pleased with you.
You were hungry.
You were a creature of crystalline ice.
You visited 2 branches of the dungeon, and saw 10 of its levels.

You collected 725 gold pieces.
You spent 528 gold pieces at shops.

Inventory:

Hand Weapons
 s - a +0 blowgun
 F - the +8 rapier of Qoaczav {pierce, SInv, unknown}
   (You found it on level 6 of the Dungeon)

   It inflicts extra damage upon your enemies.
   It lets you see invisible.
Missiles
 a - 27 arrows
 g - 15 tomahawks (quivered)
 m - 2 throwing nets
 q - 5 poisoned needles
 y - 6 javelins
Armour
 A - +0 storm dragon scales
 D - a +0 robe of positive energy
 H - a cursed +0 robe (melded)
 R - a +1 ring mail of positive energy
 S - a +2 pair of boots (melded)
Jewellery
 O - an uncursed amulet of harm {unknown}
Wands
 i - a wand of acid (11)
 n - a wand of polymorph (10)
 v - a wand of paralysis (14)
 C - a wand of flame (15)
 I - a wand of digging (1)
 N - a wand of scattershot (7)
Scrolls
 f - a scroll of blinking
 j - a scroll of teleportation
 u - 7 scrolls of remove curse
 x - 4 scrolls of magic mapping {unknown}
 B - a scroll of enchant weapon {unknown}
 G - a scroll of silence {unknown}
 K - a scroll of amnesia {unknown}
 L - a scroll of summoning {unknown}
 M - a scroll of identify
Potions
 b - 2 potions of ambrosia
 e - 9 potions of curing
 h - 3 potions of lignification {unknown}
 k - a potion of mutation {!q}
 l - a potion of cancellation
 o - 2 potions of berserk rage {!q}
 p - 2 potions of flight {unknown}
 r - 3 potions of degeneration {unknown}
 w - a potion of brilliance
 z - 4 potions of invisibility
 E - a potion of magic
 J - a potion of heal wounds {unknown}
 P - a potion of might
 T - a potion of resistance
Books
 c - a book of Changes

   Spells                             Type                      Level
   a - Beastly Appendage              Transmutation                1
   b - Sticks to Snakes               Transmutation                2
   c - Spider Form                    Transmutation/Poison         3
   d - Ice Form                       Ice/Transmutation            4
   e - Blade Hands                    Transmutation                5
 t - a book of Debilitation

   Spells                             Type                      Level
   a - Corona                         Hexes                        1
   b - Slow                           Hexes                        2
   c - Inner Flame                    Hexes/Fire                   3
   d - Portal Projectile              Hexes/Translocation          3
   e - Cause Fear                     Hexes                        4
   f - Leda's Liquefaction            Hexes/Earth                  4
 Q - a book of Maledictions

   Spells                             Type                      Level
   a - Corona                         Hexes                        1
   b - Ensorcelled Hibernation        Hexes/Ice                    2
   c - Confuse                        Hexes                        3
   d - Tukima's Dance                 Hexes                        3
   e - Dazzling Spray                 Conjuration/Hexes            3
Comestibles
 d - 15 rations


   Skills:
 - Level 4.0 Fighting
 - Level 1.2 Armour
 + Level 7.2 Dodging
 * Level 11.4 Unarmed Combat
 - Level 3.5 Spellcasting
 + Level 7.8 Transmutations
 - Level 3.0 Ice Magic
 - Level 2.2 Poison Magic
 + Level 3.5 Invocations


You had one spell level left.
You knew the following spells:

 Your Spells              Type           Power        Failure   Level  Hunger
a - Beastly Appendage     Tmut           #####.       1%          1    None
b - Spider Form           Tmut/Pois      ####......   3%          3    ##.....
c - Blade Hands           Tmut           #####.....   9%          5    ######.
d - Ice Form              Ice/Tmut       ####....     9%          4    ####...
w - Sticks to Snakes      Tmut           #####...     1%          2    #......


Dungeon Overview and Level Annotations

Branches:
Dungeon (9/15)             Temple (1/1) D:6
   Lair: D:8-11         Orc: D:9-12

Altars:
Ashenzari
Cheibriados
Dithmenos
Elyvilon
Fedhas
Gozag
Hepliaklqana
Kikubaaqudgha
Makhleb
Nemelex Xobeh
Okawaru
Ru
Sif Muna
Trog
Uskayaw
Vehumet
Wu Jian
Xom
Yredelemnul
Zin
The Shining One

Shops:
D:9 !

Annotations:
D:3 moth
D:8 Ignatius881's ghost, novice MiBe
D:9 exclusion: upstairs


Innate Abilities, Weirdness & Mutations

Shadows flee at your approach. (+LOS)
You can swim through water.
((You cover ground slowly.))
((You can hop short distances.))


Message History

You see here a flail.
You pummel the gnoll!! You freeze the gnoll.
You kill the gnoll!
Cheibriados appreciates the change of pace.
The cyclops shouts!
The gnoll barely misses you. The gnoll hits you with a spear.
The gnoll barely misses you.
Things that are here:
a whip; a throwing net; a gnoll corpse You pummel the gnoll!!
You freeze the gnoll!
You kill the gnoll!
Cheibriados thoroughly appreciates the change of pace.
The cyclops throws a large rock.
The large rock hits you!!
Things that are here:
a large rock; a spear; a gnoll corpse The cyclops throws a large rock.
The large rock hits you!!
* * * LOW HITPOINT WARNING * * *
The cyclops throws a large rock.
The large rock hits you!!!
Ouch! That really hurt!
You die...

#### #### #.. ...##
#.#######.##.
#...#########......$.....
#.......∩.)...##)####.##
#...############Y# #.###
#(# #.## #.# ...## #.#
....#### #.# .......# #C#
.....#.# #.# #.........
... ##...#.### ###


You could see a cyclops.

Vanquished Creatures
  A two-headed ogre (D:7)
  A deep elf mage (D:8)
  A komodo dragon (shapeshifter) (D:8)
  The ghost of komo4ek the Covered, a novice GrFi of Uskayaw (D:4)
  2 hippogriffs (D:9)
  Sigmund (D:5)
  Duvessa (D:7)
  2 orc warriors (D:9)
  A sky beast (D:5)
  An ice beast (D:6)
  2 necrophages (D:9)
  An ogre (D:6)
  3 phantoms
  A centaur (D:7)
  The ghost of microfolk the Covered, an amateur GrFi (D:3)
  A big kobold (D:7)
  4 bullfrogs
  Dowan (D:7)
  2 scorpions
  4 howler monkeys
  4 crimson imps
  3 jellies
  2 quasits
  2 bullfrog zombies (D:8)
  2 orc priests
  Ijyb (D:5)
  A bullfrog skeleton (D:7)
  3 hounds
  3 iguanas
  Natasha (thrice) (D:2)
  6 orc wizards
  6 worker ants
  2 worker ant zombies (D:6)
  14 gnolls
  10 adders
  3 shadow imps
  2 oozes
  7 worms
  3 dart slugs
  2 leopard geckos (D:4)
  63 orcs
  9 bats
  5 giant cockroaches
  7 goblins
  8 hobgoblins
  4 jackals (D:2)
  11 kobolds
  7 quokkas
  2 ball pythons
  A ball python skeleton (D:5)
  6 frilled lizards
  A jackal skeleton (D:4)
  A leopard gecko skeleton (D:6)
  A quokka skeleton (D:3)
  9 rats
246 creatures vanquished.

Notes
Turn   | Place    | Note
-------+----------+-------------------------------------------
     0 | D:1      | mopl the Barachi Transmuter began the quest for the Orb.
     0 | D:1      | Reached XP level 1. HP: 15/15 MP: 3/3
   371 | D:1      | Reached XP level 2. HP: 21/21 MP: 3/5
   375 | D:1      | Learned a level 2 spell: Sticks to Snakes
   396 | D:1      | Reached skill level 4 in Unarmed Combat
   963 | D:2      | Reached XP level 3. HP: 20/26 MP: 4/6
   968 | D:2      | Learned a level 3 spell: Spider Form
  1579 | D:2      | Reached skill level 5 in Unarmed Combat
  1579 | D:2      | Reached skill level 1 in Poison Magic
  1579 | D:2      | Reached XP level 4. HP: 22/32 MP: 3/7
  2130 | D:2      | Found an iron altar of Okawaru.
  2178 | D:2      | Noticed Natasha
  2187 | D:2      | Reached XP level 5. HP: 36/37 MP: 8/8
  2208 | D:2      | Killed Natasha
  2208 | D:2      | Reached skill level 3 in Transmutations
  2422 | D:2      | Found a shimmering altar of Xom.
  2710 | D:2      | Noticed Natasha
  2718 | D:2      | Killed Natasha
  2718 | D:2      | Reached skill level 2 in Poison Magic
  2864 | D:2      | Noticed Natasha
  2872 | D:2      | Killed Natasha
  3406 | D:3      | Found a glowing golden altar of the Shining One.
  3442 | D:3      | Reached skill level 6 in Unarmed Combat
  3442 | D:3      | Reached XP level 6. HP: 10/43 MP: 1/9
  3662 | D:3      | Noticed microfolk's ghost (amateur GrFi)
  3699 | D:3      | Killed microfolk's ghost
  3699 | D:3      | Reached skill level 1 in Armour
  3711 | D:3      | Noticed a moth of wrath
  3736 | D:3      | Reached skill level 2 in Fighting
  4144 | D:3      | Noticed a hand axe
  4155 | D:3      | Noticed a hand axe
  4158 | D:3      | Found a hide-covered altar of Uskayaw.
  4565 | D:3      | Found a bloodstained altar of Trog.
  5181 | D:4      | Reached skill level 4 in Transmutations
  5181 | D:4      | Reached XP level 7. HP: 38/51 MP: 6/10
  5206 | D:4      | Learned a level 4 spell: Ice Form
  5306 | D:4      | Found a shadowy altar of Dithmenos.
  5511 | D:4      | Reached skill level 3 in Fighting
  5511 | D:4      | Reached skill level 3 in Dodging
  5511 | D:4      | Reached skill level 7 in Unarmed Combat
  5511 | D:4      | Reached skill level 1 in Ice Magic
  5600 | D:4      | Noticed komo4ek's ghost (novice GrFi)
  5957 | D:4      | Found a shattered altar of Ashenzari.
  5986 | D:5      | Entered Level 5 of the Dungeon
  6001 | D:5      | Noticed Sigmund
  6017 | D:5      | Killed Sigmund
  6017 | D:5      | Reached skill level 2 in Ice Magic
  6017 | D:5      | Reached XP level 8. HP: 55/59 MP: 8/11
  6026 | D:5      | Found a shadowy altar of Dithmenos.
  6149 | D:5      | Reached skill level 4 in Fighting
  6194 | D:5      | Reached skill level 8 in Unarmed Combat
  6212 | D:5      | Reached skill level 4 in Dodging
  6212 | D:5      | Reached skill level 5 in Transmutations
  6212 | D:5      | Reached skill level 3 in Ice Magic
  7003 | D:5      | Noticed Ijyb
  7012 | D:5      | Killed Ijyb
  7390 | D:4      | Killed komo4ek's ghost
  7519 | D:6      | Reached XP level 9. HP: 65/65 MP: 10/12
  7547 | D:6      | Reached skill level 9 in Unarmed Combat
  7550 | D:6      | Reached skill level 5 in Dodging
  7587 | D:6      | Found a staircase to the Ecumenical Temple.
  7606 | Temple   | Entered the Ecumenical Temple
  7611 | Temple   | Became a worshipper of Cheibriados the Contemplative
  7660 | D:6      | Reached skill level 6 in Transmutations
  7683 | D:6      | Found an ornate altar of the Wu Jian Council.
  7904 | D:6      | Found a bloodstained altar of Trog.
  7960 | D:6      | Got a slimy rapier
  8089 | D:6      | Reached skill level 3 in Spellcasting
  8338 | D:7      | Reached * piety under Cheibriados
  8529 | D:7      | Found a radiant altar of Vehumet.
  8587 | D:7      | Noticed Dowan
  8605 | D:7      | Noticed Duvessa
  8614 | D:7      | Killed Duvessa
  8628 | D:7      | Killed Dowan
  8674 | D:7      | Reached skill level 10 in Unarmed Combat
  8683 | D:7      | Learned a level 5 spell: Blade Hands
  8739 | D:7      | Found a glowing silver altar of Zin.
  8809 | D:7      | Reached skill level 1 in Invocations
  8868 | D:7      | Noticed a two-headed ogre
  8902 | D:7      | Killed a two-headed ogre
  8902 | D:7      | Reached skill level 6 in Dodging
  8902 | D:7      | Reached skill level 7 in Transmutations
  8902 | D:7      | Reached skill level 2 in Invocations
  8902 | D:7      | Reached XP level 10. HP: 70/71 MP: 11/15
  8917 | D:7      | Reached ** piety under Cheibriados
  9390 | D:8      | Noticed a deep elf mage
  9392 | D:8      | HP: 3/85 [deep elf mage/bolt of fire (30)]
  9759 | D:8      | Killed a deep elf mage
  9759 | D:8      | Reached skill level 11 in Unarmed Combat
  9785 | D:8      | Reached skill level 3 in Invocations
  9795 | D:8      | Noticed Ignatius881's ghost (novice MiBe)
 10205 | D:9      | Reached skill level 7 in Dodging
 10208 | D:9      | Reached *** piety under Cheibriados
 10558 | D:9      | Reached **** piety under Cheibriados
 10697 | D:9      | Found Ofet's Distillery.
 10704 | D:9      | Bought a potion of might for 64 gold pieces
 10704 | D:9      | Bought a potion of resistance for 160 gold pieces
 10704 | D:9      | Bought 2 potions of invisibility for 256 gold pieces
 10704 | D:9      | Bought a potion of curing for 48 gold pieces
 10714 | D:9      | Noticed a cyclops
 10719 | D:9      | Hit by a large rock thrown by a cyclops

Skill      XL: |  1  2  3  4  5  6  7  8  9 10 |
---------------+-------------------------------+-----
Unarmed Combat | 4 5 6 7 8 10 11 | 11.4
Poison Magic   | 1 2 |  2.2
Transmutations | 3 4 5 7 |  7.8
Armour         | 1 |  1.2
Fighting       | 2 3 4 |  4.0
Dodging        | 3 4 6 7 |  7.2
Ice Magic      | 2 3 |  3.0
Spellcasting   | 3 |  3.5
Invocations    | 2 3 |  3.5

Action                   |  1- 3 |  4- 6 |  7- 9 | 10-12 || total
-------------------------+-------+-------+-------+-------++-------
Melee: Unarmed           |   107 |   222 |   275 |   144 ||   748
       Kick              |     2 |     2 |       |       ||     4
       Punch             |     1 |     3 |     1 |     2 ||     7
       Headbutt          |     1 |       |       |       ||     1
 Cast: Beastly Appendage |    17 |     2 |     2 |       ||    21
       Spider Form       |     7 |    29 |    16 |     2 ||    54
       Ice Form          |       |       |    13 |     6 ||    19
Invok: Bend Time         |       |       |       |     1 ||     1
 Abil: End Transformatio |       |     2 |     2 |     1 ||     5
       Hop               |       |       |     2 |     1 ||     3
Evoke: Wand              |       |       |     5 |       ||     5
  Use: Scroll            |       |       |    10 |     2 ||    12
       Potion            |       |       |     1 |       ||     1
 Stab: Sleeping          |     2 |       |       |     1 ||     3
  Eat: Chunk             |     4 |    16 |    19 |     4 ||    43
Armor: Robe              |    12 |    11 |     6 |     6 ||    35
       Skin              |     1 |     6 |    37 |     8 ||    52
Dodge: Dodged            |    74 |   162 |   167 |   123 ||   526
